 Dungeon Crawl Stone Soup version 0.19-a0-981-gaae9137 (webtiles) character file.

76272 4thArraOfDagon the Severer (level 15, -6/84 HPs)
             Began as a Vine Stalker Berserker on July 14, 2016.
             Was the Champion of Trog.
             Drowned by a water nymph (8 damage)
             ... on level 2 of the Shoals.
             The game lasted 00:42:04 (6911 turns).

4thArraOfDagon the Severer (Vine Stalker Berserker) Turns: 6911, Time: 00:42:04

Health: -6/84      AC: 21    Str: 30    XL:     15   Next: 52%
Magic:  0/29       EV: 12    Int:  7    God:    Trog [******]
Gold:   1234       SH:  0    Dex: 18    Spells: 0 memorised, 14 levels left

rFire  + . .     SeeInvis .     Q - +6 battleaxe of Guile {elec, +Fly rF+ rC-}
rCold  x . .     Gourm    .     l - +0 plate armour
rNeg   . . .     Faith    .     (shield currently unavailable)
rPois  .         Spirit   +     (no helmet)
rElec  .         Dismiss  .     E - +0 cloak
rCorr  .         Reflect  .     H - +0 pair of gloves
SustAt .         Harm     .     B - +0 pair of boots {run}
MR     +++..                    (no amulet)
Stlth  ..........               U - ring of magical power
                                x - +3 ring of dexterity

@: mighty, lethally poisoned (-6 -> -6), exhausted, starving, regenerating,
slowed, very slow, extremely resistant to hostile enchantments, extremely
unstealthy
A: fangs 3, thin metallic scales 1, low mp 1, regeneration 3, wild magic 1,
magic shield, antimagic bite, no device heal 3, rot immunity
a: Berserk, Trog's Hand, Brothers in Arms, Burn Spellbooks, Renounce Religion,
Evoke Flight


You were on level 2 of the Shoals.
You worshipped Trog.
Trog was exalted by your worship.
You were starving.

You visited 4 branches of the dungeon, and saw 25 of its levels.
You also visited: Labyrinth and Ice Cave.

You collected 1639 gold pieces.
You spent 405 gold pieces at shops.

Inventory:

Hand Weapons
 k - the +8 war axe of Dissent {venom, MP+9 Int+7 Stlth-}
   (You found it on level 4 of the Lair of Beasts)

   It poisons the flesh of those it strikes.
   It affects your intelligence (+7).
   It affects your magic capacity (+9).
   It makes you less stealthy.
 Q - the +6 battleaxe of Guile (weapon) {elec, +Fly rF+ rC-}
   (Trog gifted it to you in an ice cave)

   Occasionally, upon striking a foe, it will discharge some electrical energy
   and cause terrible harm.
   It protects you from fire.
   It makes you vulnerable to cold.
   It lets you fly.
 T - a +2 battleaxe of freezing
 X - a +2 broad axe of chopping
Armour
 a - the +1 ring mail "Tukk" {rN+ Regen+ MP+9 Slay-4, unknown}
   (You bought it in a shop on level 2 of the Orcish Mines)

   It affects your accuracy and damage with ranged weapons and melee attacks
   (-4).
   It protects you from negative energy.
   It affects your magic capacity (+9).
   It increases your rate of regeneration.
 l - a +0 plate armour (worn)
 r - a cursed +0 large shield
 B - a +0 pair of boots of running (worn)
 E - a +0 cloak (worn)
 H - a +0 pair of gloves (worn)
Rods
 A - a +2 iron rod (12/12)
   (You took it off a minotaur in a labyrinth)
Jewellery
 u - an uncursed ring of protection from fire {unknown}
 x - a +3 ring of dexterity (left hand)
 D - a cursed ring of loudness {unknown}
 G - a cursed ring of see invisible {unknown}
 U - a ring of magical power (right hand)
 Y - an uncursed ring of sustain attributes
 Z - an uncursed ring of wizardry
Wands
 y - a wand of iceblast (8/15)
 z - a wand of lightning (6/15)
 I - a wand of teleportation (4/9)
 K - a wand of teleportation (5/9)
 N - a wand of acid (10/15)
 O - a wand of iceblast (3/15)
 R - a wand of paralysis (16/24)
 S - a wand of flame (23/48)
Scrolls
 b - a scroll of fear
 i - 13 scrolls of remove curse
 p - 2 scrolls of fog
 w - a scroll of magic mapping
 C - a scroll of blinking
 J - 5 scrolls of noise
 L - 4 scrolls of teleportation
 M - a scroll of enchant weapon
Potions
 e - a potion of haste
 f - 2 potions of mutation {unknown}
 h - 5 potions of lignification
 j - 2 potions of brilliance {unknown}
 m - a potion of degeneration
 n - 5 potions of curing
 t - a potion of magic
 V - 3 potions of flight {unknown}
Books
 d - a book of the Dragon

   Spells                             Type                      Level
   a - Flame Tongue                   Conjuration/Fire             1
   b - Cause Fear                     Hexes                        4
   c - Bolt of Fire                   Conjuration/Fire             6
   d - Dragon Form                    Transmutation                7
   e - Dragon's Call                  Summoning                    9
   Trog disapproves of the use of such an item.
 g - a book of Spatial Translocations

   Spells                             Type                      Level
   a - Apportation                    Translocation                1
   b - Blink                          Translocation                2
   c - Shroud of Golubria             Charms/Translocation         2
   d - Portal Projectile              Translocation                3
   e - Teleport Other                 Translocation                3
   f - Passage of Golubria            Translocation                4
   Trog disapproves of the use of such an item.
 q - a book of Necromancy

   Spells                             Type                      Level
   a - Pain                           Necromancy                   1
   b - Animate Skeleton               Necromancy                   1
   c - Vampiric Draining              Necromancy                   3
   d - Regeneration                   Charms/Necromancy            3
   e - Animate Dead                   Necromancy                   4
   f - Control Undead                 Necromancy                   4
   Trog disapproves of the use of such an item.
 s - a book of the Dragon

   Spells                             Type                      Level
   a - Flame Tongue                   Conjuration/Fire             1
   b - Cause Fear                     Hexes                        4
   c - Bolt of Fire                   Conjuration/Fire             6
   d - Dragon Form                    Transmutation                7
   e - Dragon's Call                  Summoning                    9
   Trog disapproves of the use of such an item.
 v - a book of Alchemy

   Spells                             Type                      Level
   a - Sublimation of Blood           Necromancy                   2
   b - Ignite Poison                  Fire/Transmutation/Poison    3
   c - Petrify                        Transmutation/Earth          4
   d - Alistair's Intoxication        Transmutation/Poison         5
   e - Irradiate                      Conjuration/Transmutation    5
   Trog disapproves of the use of such an item.
Miscellaneous
 o - a fan of gales
Comestibles
 c - 7 bread rations
 P - 4 meat rations


   Skills:
 + Level 11.7 Fighting
 * Level 15.6 Axes
 + Level 10.9 Armour
 + Level 5.6 Dodging
 + Level 8.6 Evocations


You had 14 spell levels left.
You didn't know any spells.

Dungeon Overview and Level Annotations

Branches:
Dungeon (15/15)            Temple (0/1) D:5            Lair (6/6) D:9
 Shoals (2/4) Lair:4          Orc (2/2) D:12            Elf (0/3) Orc:2
  Snake: Lair:2-4    Spider: Lair:2-4     Slime: Lair:5-6    Vaults: D:13-14
 Depths: D:15

Altars:
Dithmenos
Fedhas
Nemelex Xobeh
Trog
Beogh

Shops:
D:5 %   Orc:1 :   Orc:2 [%:%

Portals:
Pandemonium: Orc:2

Annotations:
D:13 VAULTS


Innate Abilities, Weirdness & Mutations

You have razor-sharp teeth.
You regenerate.
When hurt, damage is shared between your health and your magic reserves.
Your bite disrupts and absorbs the magic of your enemies.
Potions and wands cannot restore your health.
You are immune to rotting.
You are partially covered in thin metallic scales. (AC +2)
Your magical capacity is low. (-10% MP)
Your spells are a little harder to cast, but a little more powerful.


Message History

The manticore barely misses you. The manticore claws you!
* * * LOW HITPOINT WARNING * * *
A merfolk comes into view. It is wielding a trident.
The merfolk shouts!
Unknown command.
Unknown command.
You hit the water nymph.
There is a sudden explosion of sparks!
You bite the water nymph!
The water nymph's magic leaks into the air.
You drain her magic.
You feel invigorated.
The water nymph is almost dead.
You closely miss the manticore.
You feel sick. The water nymph touches you. The water nymph drowns you!
* * * LOW HITPOINT WARNING * * *
The manticore bites you but does no damage.
The manticore claws you but does no damage.
The manticore claws you.
* * * LOW HITPOINT WARNING * * *
The water nymph touches you. The water nymph drowns you!
You die...

≈≈≈≈≈t≈≈≈≈≈≈≈≈≈≈≈≈≈≈≈≈
...≈≈≈≈≈≈≈≈≈≈≈≈≈≈≈≈.≈≈
≈≈≈≈≈≈≈≈≈....
≈≈≈≈≈≈≈≈..#
≈≈≈≈≈≈≈≈..#
≈≈≈≈≈≈≈...#
≈≈≈≈.≈....# .
≈≈.≈≈≈≈.§§###....
≈≈≈≈≈≈≈.§@m≈.m>.≈
≈≈≈≈≈≈≈≈§§H≈.....
≈≈≈.....≈........
≈≈≈..............
................
...####......m.. ..#
#......... #........≈


You could see a merfolk, a manticore, a siren and a water nymph.

Vanquished Creatures
  An orc warlord (Orc:2)
  Azrael (D:13)
  A white draconian (IceCv)
  A minotaur (Lab)
  2 centaur warriors
  5 hydras
  A catoblepas (Lair:6)
  A deep troll shaman (Lair:6)
  14 death yaks
  An ogre mage (D:13)
  6 orc high priests (Orc:2)
  Nergalle (Orc:1)
  A soul eater (Orc:2)
  A skeletal warrior (D:13)
  A gelid demonspawn (Orc:2)
  2 sea snakes (Shoals:2)
  2 putrid demonspawn (Orc:2)
  2 hill giants (D:11)
  Pikel (D:5)
  6 orc knights
  A wolf spider (D:15)
  A faun (Shoals:2)
  6 orc sorcerers
  2 ugly things
  A cyclops (D:10)
  A sixfirhy (Orc:2)
  A griffon (Lair:6)
  4 elephants (Lair:6)
  2 rust devils (Orc:2)
  A siren (Shoals:2)
  An octopode (shapeshifter) (D:13)
  An ice statue (IceCv)
  A black mamba (Lair:5)
  3 centaur skeletons
  3 spiny frogs
  A rime drake (IceCv)
  A komodo dragon (Lair:1)
  A kobold demonologist (D:12)
  An ice devil (Orc:2)
  5 trolls
  17 polar bears
  3 blink frogs (Lair:2)
  4 two-headed ogres
  A boulder beetle (Lair:6)
  Prince Ribbit (D:8)
  A snapping turtle (Shoals:2)
  A meliai zombie (D:12)
  2 redbacks (Lab)
  A spriggan (D:8)
  A wraith (D:14)
  2 shadows
  2 ynoxinuls (Orc:2)
  46 yaks
  2 fire elementals (D:13)
  A tarantella (shapeshifter) (D:15)
  A basilisk (Lair:4)
  3 wyverns
  4 hippogriffs
  2 vampire mosquitoes (D:13)
  5 hungry ghosts
  Edmund (D:6)
  3 wargs
  2 mottled dragons
  2 hell hounds (D:13)
  9 water moccasins
  4 porcupines
  11 ice beasts
  29 orc warriors
  2 sky beasts
  A black bear (D:11)
  An eye of draining (D:13)
  2 necrophages
  A phantom (D:8)
  30 wolves
  15 ogres
  13 centaurs
  10 crocodiles
  2 big kobolds (D:8)
  9 giant frogs
  A gnoll sergeant (D:9)
  2 wyvern skeletons
  A scorpion (D:11)
  4 killer bees (D:11)
  3 howler monkeys
  A giant frog zombie (D:12)
  A jelly (D:10)
  3 crimson imps (D:10)
  4 centaur zombies
  A quasit (D:12)
  A wasp zombie (D:11)
  6 giant frog skeletons
  5 hounds
  31 orc priests
  6 iguanas
  18 orc wizards
  8 worker ants
  5 sheep
  3 worker ant zombies
  10 gnolls
  8 adders
  8 river rats (Lair:3)
  3 shadow imps
  An adder skeleton (D:5)
  3 giant geckos
  78 orcs
  2 ball pythons (D:2)
  2 bats
  A giant cockroach (D:4)
  A goblin (D:3)
  3 hobgoblins
  5 jackals
  A quokka (D:7)
  A giant newt (D:3)
  5 kobolds (D:8)
  A quokka zombie (D:7)
  3 rats
  A bush (Lair:6)
  A fungus (Lair:6)
  5 plants
583 creatures vanquished.

Vanquished Creatures (collateral kills)
  A stone giant (Orc:2)
  An orc sorcerer (Orc:2)
  An ugly thing (D:13)
  A warg (Orc:2)
  2 orc warriors (Orc:2)
  A giant frog (D:13)
  2 orc priests (Orc:2)
9 creatures vanquished.

Vanquished Creatures (others)
  A vampire mosquito (D:13)
  A centaur (D:11)
  2 plants (Shoals:2)
4 creatures vanquished.

Grand Total: 596 creatures vanquished

Notes
Turn   | Place    | Note
-------+----------+-------------------------------------------
     0 | D:1      | 4thArraOfDagon the Vine Stalker Berserker began the quest for the Orb.
     0 | D:1      | Reached XP level 1. HP: 11/11 MP: 2/2
   213 | D:3      | Reached XP level 2. HP: 8/16 MP: 3/3
   310 | D:3      | Reached skill level 3 in Axes
   310 | D:3      | Reached XP level 3. HP: 19/19 MP: 4/4
   411 | D:4      | Reached XP level 4. HP: 22/24 MP: 5/5
   435 | D:5      | Entered Level 5 of the Dungeon
   455 | D:5      | Found a staircase to the Ecumenical Temple.
   554 | D:5      | Noticed a slave
   555 | D:5      | Noticed a slave
   555 | D:5      | Noticed Pikel
   558 | D:5      | Noticed a slave
   590 | D:5      | Killed Pikel
   590 | D:5      | Reached ** piety under Trog
   590 | D:5      | Reached skill level 5 in Axes
   590 | D:5      | Reached XP level 5. HP: 9/29 MP: 6/6
   590 | D:5      | Gained mutation: You heal very quickly. [Vine Stalker growth]
   590 | D:5      | Reached XP level 6. HP: 11/33 MP: 7/7
   590 | D:5      | Reached XP level 7. HP: 12/37 MP: 8/8
   656 | D:5      | Found Xicuoheo's Food Emporium.
   748 | D:6      | Noticed Edmund
   756 | D:6      | Killed Edmund
   776 | D:6      | Turgon: Hi
   833 | D:6      | Turgon: https://crawl.develz.org/tavern/viewtopic.php?f=17&t=6447&p=279622&#p279622
   844 | D:6      | Reached skill level 6 in Axes
   844 | D:6      | Gained mutation: You have razor-sharp teeth. [Vine Stalker growth]
   844 | D:6      | Reached XP level 8. HP: 35/42 MP: 9/9
   850 | D:7      | 4thArraOfDagon: hiii
   850 | D:7      | 4thArraOfDagon: o haha thanks:D
   907 | D:7      | Turgon: Yes, again I had the last word in your game
   963 | D:8      | Turgon: But you didn't tele
   986 | D:8      | Reached skill level 5 in Fighting
  1007 | D:8      | Noticed a spriggan baker
  1020 | D:8      | Killed a spriggan baker
  1020 | D:8      | Reached skill level 7 in Axes
  1119 | D:8      | Noticed Prince Ribbit
  1124 | D:8      | Reached XP level 9. HP: 48/48 MP: 10/10
  1126 | D:8      | Killed Prince Ribbit
  1126 | D:8      | Reached skill level 5 in Armour
  1130 | D:8      | Reached skill level 8 in Axes
  1152 | D:8      | Reached *** piety under Trog
  1228 | D:9      | 4thArraOfDagon: i have to
  1228 | D:9      | 4thArraOfDagon: start
  1228 | D:9      | 4thArraOfDagon: listening
  1228 | D:9      | 4thArraOfDagon: :)
  1299 | D:8      | Turgon: I wonder if you'll meet 1000 bot ghosts again
  1377 | D:9      | Reached skill level 9 in Axes
  1394 | D:9      | Reached XP level 10. HP: 27/53 MP: 8/11
  1405 | D:9      | Found a staircase to the Lair.
  1441 | D:9      | Turgon: Really good starting weapon
  1460 | D:9      | Found a shadowy altar of Dithmenos.
  1548 | D:10     | Entered Level 10 of the Dungeon
  1578 | D:9      | Reached **** piety under Trog
  1665 | D:10     | Reached skill level 10 in Axes
  1908 | D:10     | Noticed a cyclops
  1922 | D:10     | Killed a cyclops
  2030 | D:11     | Noticed a hill giant
  2037 | D:11     | Killed a hill giant
  2118 | D:11     | Found a labyrinth entrance.
  2126 | D:11     | Reached XP level 11. HP: 59/60 MP: 12/12
  2133 | Lab      | Entered a labyrinth
  2176 | Lab      | Reached skill level 11 in Axes
  2419 | Lab      | Noticed a minotaur
  2429 | Lab      | Killed a minotaur
  2468 | D:11     | Found a frozen archway.
  2488 | D:11     | Reached skill level 1 in Evocations
  2503 | IceCv    | Entered an ice cave
  2518 | IceCv    | Identified a +0 pair of boots of running (You found it in a labyrinth)
  2598 | IceCv    | Reached ***** piety under Trog
  2835 | IceCv    | Reached skill level 12 in Axes
  2850 | IceCv    | Gained mutation: You regenerate. [Vine Stalker growth]
  2850 | IceCv    | Reached XP level 12. HP: 65/65 MP: 15/15
  2913 | IceCv    | Received a gift from Trog
  2914 | IceCv    | Got an encrusted battleaxe {god gift}
  2915 | IceCv    | Identified the +6 battleaxe of Guile {elec, +Fly rF+ rC-} (Trog gifted it to you in an ice cave)
  3046 | IceCv    | Noticed a death yak
  3075 | IceCv    | Killed a death yak
  3135 | IceCv    | Noticed a white draconian
  3153 | IceCv    | Killed a white draconian
  3246 | D:11     | meh
  3321 | D:12     | Found a sparkling altar of Nemelex Xobeh.
  3432 | D:12     | Reached skill level 13 in Axes
  3514 | D:13     | Noticed an ogre mage
  3520 | D:13     | Killed an ogre mage
  3544 | D:13     | Reached skill level 5 in Evocations
  3553 | D:13     | Noticed a centaur warrior
  3560 | D:13     | Killed a centaur warrior
  3561 | D:13     | Reached XP level 13. HP: 61/72 MP: 17/17
  3587 | D:13     | BLOAX: https://www.youtube.com/watch?v=Iof5pRAIZmw
  3680 | D:13     | Reached skill level 10 in Fighting
  3729 | D:13     | Gained mutation: Your magical capacity is low. (-10% MP) [mutagenic meat]
  3733 | D:13     | 4thArraOfDagon: xaolb
  3735 | D:13     | Noticed Azrael
  3741 | D:13     | Killed Azrael
  3981 | D:15     | Entered Level 15 of the Dungeon
  4043 | D:15     | Received a gift from Trog
  4103 | D:15     | Gained mutation: You are partially covered in thin metallic scales. (AC +2) [mutagenic meat]
  4106 | D:15     | Gained mutation: Your spells are a little harder to cast, but a little more powerful. [mutagenic meat]
  4358 | D:12     | Got a transparent leather armour
  4410 | D:11     | Reached skill level 14 in Axes
  4425 | D:11     | Found a blossoming altar of Fedhas.
  4579 | D:12     | Found a staircase to the Orcish Mines.
  4591 | Orc:1    | Entered Level 1 of the Orcish Mines
  4591 | Orc:1    | Found Neosh's Book Shoppe.
  4591 | Orc:1    | Noticed Nergalle
  4592 | Orc:1    | Found a bloodstained altar of Trog.
  4600 | Orc:1    | Killed Nergalle
  4752 | Orc:1    | Received a gift from Trog
  4922 | Orc:2    | Entered Level 2 of the Orcish Mines
  4961 | Orc:2    | Noticed a stone giant
  4962 | Orc:2    | Noticed an orc warlord
  4970 | Orc:2    | Killed a stone giant
  4975 | Orc:2    | Killed an orc warlord
  4980 | Orc:2    | Found a staircase to the Elven Halls.
  5040 | Orc:2    | Reached XP level 14. HP: 77/77 MP: 18/18
  5058 | Orc:2    | Found a roughly hewn altar of Beogh.
  5238 | Orc:2    | Reached ****** piety under Trog
  5277 | Orc:2    | Found Oliuschil's Food Shop.
  5279 | Orc:2    | Found Yqiug's Food Boutique.
  5291 | Orc:2    | Reached skill level 10 in Armour
  5551 | Orc:2    | Found Ojish's Book Shoppe.
  5551 | Orc:2    | Found Wibuinlu's Antique Armour Emporium.
  5561 | Orc:2    | Found a one-way gate leading to the halls of Pandemonium.
  5569 | Orc:2    | Bought a citrine-encrusted ring mail for 270 gold pieces
  5569 | Orc:2    | Bought a glowing large shield for 135 gold pieces
  5749 | Lair:1   | Entered Level 1 of the Lair of Beasts
  5766 | Lair:1   | Received a gift from Trog
  5769 | Lair:1   | Reached skill level 15 in Axes
  5816 | Lair:1   | Received a gift from Trog
  6051 | Lair:4   | Got a translucent war axe
  6052 | Lair:4   | Identified the +8 war axe of Dissent {venom, MP+9 Int+7 Stlth-} (You found it on level 4 of the Lair of Beasts)
  6216 | Lair:5   | Reached XP level 15. HP: 83/83 MP: 19/19
  6256 | Lair:6   | Entered Level 6 of the Lair of Beasts
  6295 | Lair:6   | Reached skill level 5 in Dodging
  6571 | Lair:6   | Received a gift from Trog
  6796 | Lair:4   | Found a staircase to the Shoals.
  6818 | Shoals:1 | Entered Level 1 of the Shoals
  6911 | Shoals:2 | HP: 4/84 [drowned by a water nymph (6)]
  6911 | Shoals:2 | Drowned by a water nymph

Vault maps used:
D:1:      sevenhm_arrival_forest_fort_small_3
D:2:      nemelex_lonely_heart_becter
D:3:      uniq_natasha, uniq_grinder
D:4:      nemelex_dance_club_becter
D:5:      first_bread, serial_shops, shop, grunt_pakellas_basics,
          uniq_crazy_yiuf_cottage, uniq_pikel
D:6:      minivault_14, uniq_edmund, uniq_eustachio, uniq_sigmund
D:7:      lemuel_round_altar
D:8:      the_bakery, uniq_prince_ribbit1, uniq_erica
D:9:      lair_0_dummy, basic_altar, st_stairs_5
D:11:     portal_ice_cave_entry_ice_beasts, lab_entry_generic, fedhas_altar_3
D:12:     minmay_shop_grid_forest, nemelex_xobeh_ov_fountains_minmay
D:13:     hangedman_vaults_entry_quadrant_bands, uniq_azrael
D:14:     minmay_misc_feat_encased
D:15:     gammafunk_enter_depths_forms, hangedman_abyss_or_decor_slice
Lair:1:   grunt_megastairs_2
Lair:2:   nicolae_spider_entry_tight_spaces, serial_bayou_shore_a
Lair:3:   grunt_megastairs_3
Lair:4:   wad_woods_structure_01, elwin_shoals_entry_rocks, beast_lair_carwin_11
Lair:5:   minmay_slime_entry_pillars, wad_woods_road_01
Lair:6:   grunt_lair_end_beastmaster, lemuel_fruit_tree
Shoals:2: nicolae_shoals_mertower
Orc:1:    lemuel_ogre_cave, serial_shops, nicolae_shop_trees, bloody_trog,
          uniq_nergalle
Orc:2:    pf_orc_diabolical, basic_altar
Lab:      labyrinth_green, nicolae_lab_garden, nicolae_lab_t_cross
IceCv:    ice_cave_caverns_01

Skill      XL: |  1  2  3  4  5  6  7  8  9 10 11 12 13 14 15 |
---------------+----------------------------------------------+-----
Axes           | 3 5 6 7 9 10 12 13 14 15 | 15.6
Fighting       | 3 4 5 6 7 8 9 10 11 | 11.7
Armour         | 2 3 4 6 7 8 9 10 | 10.9
Dodging        | 2 4 5 |  5.6
Evocations     | 3 5 6 8 |  8.6

Action                   |  1- 3 |  4- 6 |  7- 9 | 10-12 | 13-15 || total
-------------------------+-------+-------+-------+-------+-------++-------
Melee: Hand axe          |    43 |    15 |   100 |    32 |       ||   190
       Bite              |    12 |     5 |    60 |   209 |   232 ||   518
       War axe           |       |       |    59 |   283 |    21 ||   363
       Battleaxe         |       |       |       |   103 |   583 ||   686
Invok: Berserk           |     3 |     2 |     6 |    13 |    14 ||    38
       Trog's Hand       |       |       |     4 |     4 |     6 ||    14
       Brothers in Arms  |       |       |       |     2 |     2 ||     4
  Use: Scroll            |       |       |     2 |    15 |    10 ||    27
       Potion            |       |       |       |     1 |     1 ||     2
 Stab: Sleeping          |     2 |       |       |       |       ||     2
       Invisible         |       |       |       |     4 |       ||     4
       Distracted        |       |       |       |       |     1 ||     1
  Eat: Chunk             |       |     2 |     8 |    17 |    23 ||    50
       Bread ration      |       |     1 |       |     1 |       ||     2
       Meat ration       |       |       |       |     1 |       ||     1
       Pizza             |       |       |       |       |     2 ||     2
       Beef jerky        |       |       |       |       |     1 ||     1
       Fruit             |       |       |       |       |     4 ||     4
Armor: Plate armour      |    14 |     5 |    99 |   248 |   424 ||   790
       Ring mail         |     1 |       |       |       |       ||     1
Dodge: Dodged            |    24 |     5 |    55 |   179 |   294 ||   557
